Unix NetHack Version 3.7.0-53 Work-in-progress - last build Apr 4 2022 15:05:14 (0945cd16e85ecfe9c80600c62adfe552c28f66b8,branch:master). Game began 2022-04-09 09:55:48, ended 2022-04-09 10:31:56. elenmirie, neutral female human Tourist ----+-------- |C.........C| |.....C.....| |...-.---...| |...|.{.|...| # |..C|{.{|C...### ----- |...|.{.|...| ####.Z..| |...-----...| ####|.G.| |.....C.....| 0|..@| |C.........C| |.[.. ------------- |...| ----- Elenmirie the Sightseer St:10 Dx:12 Co:12 In:14 Wi:15 Ch:14 Neutral Dlvl:7 $:889 HP:0(27) Pw:16(16) AC:6 Xp:3/58 T:1904 Latest messages: The orc zombie hits! You miss the orc zombie. You hit the orc zombie. The orc zombie hits! In what direction? l The dart hits the orc zombie. The orc zombie hits! In what direction? l The dart hits the orc zombie! What do you want to drink? [A or ?*] ? What do you want to drink? [A or ?*] Never mind. In what direction? l The dart hits the orc zombie. In what direction? l You destroy the orc zombie! a - 3 uncursed +2 darts (at the ready). You try to move the boulder, but in vain. The gnome lord throws 2 daggers! You are hit by the 1st dagger. You are almost hit by the 2nd dagger. Are you sure you want to pray? [yn] (n) y You begin praying to The Lady. You are surrounded by a shimmering light. The orc zombie starts to attack you, but pulls back. The gnome lord starts to attack you, but pulls back. You finish your prayer. You feel that The Lady is well-pleased. You feel much better. In what direction? n The dart hits the gnome lord. You hit the gnome lord. The gnome lord thrusts one of his daggers. The gnome lord hits! In what direction? n The dart hits the gnome lord. The gnome lord thrusts one of his daggers. The gnome lord hits! The orc zombie hits! You hear convulsive ravings. The gnome lord thrusts one of his daggers. The gnome lord hits! The gnome lord thrusts one of his daggers. The gnome lord hits! You die... Do you want your possessions identified? [ynq] (y) y Do you want to see your attributes? [ynq] (y) y Do you want an account of creatures vanquished? [ynaq] (y) y Do you want to see your conduct and achievements? [ynq] (y) y Do you want to see the dungeon overview? [ynq] (y) y Major events: Turn 1: elenmirie the neutral female human Tourist entered the dungeon 766: entered the Gnomish Mines 1529: attained the rank of Sightseer (level 3) 1904: killed by a gnome lord Inventory: Coins $ - 889 gold pieces Weapons a - 18 uncursed +2 darts (at the ready) Armor o - an uncursed +0 orcish helm (being worn) l - an uncursed +0 Hawaiian shirt with a sailboat motif (being worn) u - an uncursed +0 studded leather armor (being worn) Comestibles b - 5 uncursed food rations e - an uncursed fortune cookie q - 2 uncursed lembas wafers D - an uncursed tripe ration Scrolls E - an uncursed scroll of charging v - a blessed scroll of confuse monster F - an uncursed scroll of create monster r - an uncursed scroll of enchant armor s - an uncursed scroll of identify p - an uncursed scroll of light k - a blessed scroll of magic mapping j - 3 uncursed scrolls of magic mapping Spellbooks t - a blessed spellbook of turn undead Potions A - an uncursed potion of gain ability Rings y - a cursed ring of regeneration B - an uncursed ring of shock resistance Wands w - a blessed wand of sleep (0:3) Tools n - an uncursed credit card m - an uncursed expensive camera (0:64) Elenmirie the Tourist's attributes: Background: You were a Sightseer, a level 3 female human Tourist. You were neutral, on a mission for The Lady who was opposed by Blind Io (lawful) and Offler (chaotic). You were in the Dungeons of Doom, on level 7. You entered the dungeon 1904 turns ago. You had 58 experience points, 22 more were needed to attain level 4. Basics: You had 0 out of 27 hit points. You had all 16 energy points (spell power). Your armor class was 6. Your wallet contained 889 zorkmids. Autopickup was on for '$' plus thrown. Final Characteristics: Your strength was 10 (limit:18/100). Your dexterity was 12 (limit:18). Your constitution was 12 (limit:18). Your intelligence was 14 (limit:18). Your wisdom was 15 (limit:18). Your charisma was 14 (limit:18). Final Status: You were not hungry. You were unencumbered. You were bare handed. You were unskilled in bare handed combat. Final Attributes: You were devoutly aligned. You were warded. You are dead. Miscellaneous: You never encountered a bones level. Total elapsed playing time was 36 minutes and 6 seconds. Vanquished creatures: a kitten a giant bat an orc zombie an acid blob a hobbit a giant rat a gnome a gnome zombie a gecko 9 jackals a kobold 2 goblins 2 sewer rats 4 grid bugs 3 newts 30 creatures vanquished. No species were genocided or became extinct. Voluntary challenges: You never hit with a wielded weapon. You read items or engraved 1 time. You never engraved Elbereth. You never genocided any monsters. You never polymorphed an object. You never changed form. You used no wishes. Achievements: You entered the Gnomish Mines. You attained the rank of Sightseer. The Dungeons of Doom: levels 1 to 7 Level 1: Level 2: Stairs down to The Gnomish Mines. Level 3: Level 4: A fountain. Level 7: <- You were here. Many fountains. Oracle of Delphi. Final resting place for you, killed by a gnome lord. The Gnomish Mines: Level 3: Game over: ---------- / \ / REST \ / IN \ / PEACE \ / \ | elenmirie | | 889 Au | | killed by a | | gnome lord | | | | | | 2022 | *| * * * | * _________)/\\_//(\/(/\)/\//\/|_)_______ Aloha elenmirie the Tourist... You died in The Dungeons of Doom on dungeon level 7 with 613 points, and 889 pieces of gold, after 1904 moves. You were level 3 with a maximum of 27 hit points when you died.